Sabres vs Islanders

Created - January 12, 2017 at 18:03

Goals
1 2 3 T
Sabres 0 0 0 0
Islanders 1 1 0 2
Shots
1 2 3 T
Sabres 9 3 3 15
Islanders 9 13 8 30

1st period

1. Islanders , Colin Wilson 10 (Pierre-Alexandr Parenteau, Luca Sbisa) at 6:48

Penalties :
Tyler Bozak (NYI) for Slashing (Minor) at 0:20, Ryan Johansen (BUF) for Interference (Minor) at 1:21, Nate Thompson (NYI) for Roughing (Minor) at 3:51, Tyler Myers (BUF) for Holding (Minor) at 9:54, Nate Thompson (NYI) for Interference (Minor) at 13:12, Luca Sbisa (NYI) for Hooking (Minor) at 13:47

2nd period

2. Islanders , Pierre-Alexandr Parenteau 18 (Shawn Horcoff, Brandon Davidson) at 5:49

Penalties :
Shawn Horcoff (NYI) for Hooking (Minor) at 1:45

3rd period

No Goal

Penalties :
Shawn Horcoff (NYI) for Hooking (Minor) at 3:01, Braydon Coburn (BUF) for Tripping (Minor) at 5:37, Ryan Johansen (BUF) for Holding Stick (Minor) at 9:35

Goalie Stats

Ondrej Pavelec (BUF), 28 saves from 30 shots - (0.933), L, 7-19-5, 60:00 minutes
Braden Holtby (NYI), 15 saves from 15 shots - (1.000), W, 12-18-4, 60:00 minutes

Players Stats for Sabres

Player Name              G  A  P  +/- PIM S  H  SB GA TA FO     MP     PP MP  PK MP  
------------------------------------------------------------------------------------
Braydon Coburn           0  0  0  -1  2   0  4  1  0  0  0/0    13:53   0:00   2:18 
Brock Nelson             0  0  0  -1  0   3  1  0  0  0  1/4    19:34   5:20   0:14 
Chris Wagner             0  0  0  -1  0   0  0  0  0  0  0/1     9:03   0:00   0:00 
Daniel Winnik            0  0  0   0  0   1  0  0  0  0  0/0    12:08   0:00   4:14 
Francois Beauchemin      0  0  0  -1  0   0  0  1  0  0  0/0    24:21   4:40   3:15 
Gustav Nyquist           0  0  0   0  0   1  0  0  0  0  0/0    12:06   4:12   0:00 
Jacob Josefson           0  0  0  -1  0   1  0  0  0  0  2/8     9:49   0:00   0:46 
Johnny Oduya             0  0  0  -1  0   0  0  1  0  0  0/0    15:13   0:00   3:37 
Kris Versteeg            0  0  0  -1  0   1  0  0  0  0  0/0    11:04   0:03   1:58 
Kyle Turris              0  0  0  -1  0   2  3  0  0  0  9/13   17:54   4:12   0:00 
Lars Eller               0  0  0   0  0   1  0  0  0  0  4/10    9:52   0:00   1:58 
Matt Cullen              0  0  0   0  0   1  0  0  0  0  5/6    16:59   0:00   4:46 
Nino Niederreiter        0  0  0   0  0   0  2  0  0  0  1/1    17:03   4:12   0:00 
Oliver Ekman-Larsson     0  0  0  -1  0   1  1  0  0  0  0/0    21:30   4:40   0:24 
Rasmus Ristolainen       0  0  0   0  0   1  2  0  0  0  0/0    22:11   4:52   1:51 
Ryan Johansen            0  0  0   0  4   1  1  0  0  0  10/21  17:28   5:16   0:00 
Thomas Vanek             0  0  0  -1  0   1  1  0  0  0  0/1    19:02   5:20   0:00 
Tyler Myers              0  0  0   0  2   0  0  2  0  0  0/0    22:50   4:52   2:31 

Players Stats for Islanders

Player Name              G  A  P  +/- PIM S  H  SB GA TA FO     MP     PP MP  PK MP  
------------------------------------------------------------------------------------
Alexander Semin          0  0  0   0  0   2  0  0  0  0  1/2    13:16   3:56   0:00 
Andy Greene              0  0  0   1  0   1  0  0  0  0  0/0    24:51   3:18   4:12 
Brandon Davidson         0  1  1   1  0   3  0  0  0  0  0/0    17:46   3:40   4:40 
Colin Wilson             1  0  1   2  0   3  1  0  0  0  0/3    22:17   3:15   4:12 
David Legwand            0  0  0   0  0   0  0  0  0  0  0/2     5:16   0:27   1:33 
Erik Condra              0  0  0   0  0   2  0  0  0  0  1/2    18:32   0:00   0:00 
Josh Jooris              0  0  0   0  0   1  0  0  0  0  6/8     9:17   0:00   0:00 
Josh Manson              0  0  0   0  0   1  2  0  0  0  0/0    18:56   3:40   0:46 
Luca Sbisa               0  1  1   1  2   1  2  1  0  0  0/0    23:12   3:18   3:11 
Marek Zidlicky           0  0  0   0  0   0  0  0  0  0  0/0     0:00   0:00   0:00 
Mark Fayne               0  0  0   1  0   0  0  0  0  0  0/0    13:01   0:00   1:22 
Nate Thompson            0  0  0   0  4   5  4  0  0  0  4/6    18:56   3:02   2:35 
Niklas Hjalmarsson       0  0  0   0  0   0  0  0  0  0  0/0    22:13   0:00   4:52 
Patrick Sharp            0  0  0   0  0   3  2  0  0  0  4/10   23:44   3:16   4:21 
Pierre-Alexandr Parentea 1  1  2   2  0   6  0  0  0  0  2/2    22:37   3:02   4:45 
Roman Polak              0  0  0   0  0   0  0  0  0  0  0/0     0:00   0:00   0:00 
Shawn Horcoff            0  1  1   2  4   0  0  0  0  0  4/13   14:52   0:00   0:14 
Tyler Bozak              0  0  0   0  2   2  1  0  0  0  11/17  19:14   3:56   0:00 

3 Stars

1 - Pierre-Alexandr Parenteau (NYI)
2 - Braden Holtby (NYI)
3 - Colin Wilson (NYI)

Power Play

Sabres - 0 on 6 Attempt(s) - 0.00%
Islanders - 0 on 4 Attempt(s) - 0.00%

Penalty Kill

Sabres - 4 on 4 Attempt(s) - 100.00% - Score 0 goal in Penalty Kill
Islanders - 6 on 6 Attempt(s) - 100.00% - Score 0 goal in Penalty Kill

Team Stat

Sabres - Hits : 15 - Faceoff Wins : 32 - Blocked Shots : 5 - Penalty Minutes : 8
Islanders - Hits : 12 - Faceoff Wins : 33 - Blocked Shots : 1 - Penalty Minutes : 12

Official

Referees : Kelly Sutherland and Rob Martell
Linesman : Shandor Alphonso and Tony Sericolo

Game Notes

No Game Note

Finance

Level 1 -- Attendance: 6000 (100.00%) -- Ticket Income $678,000
Level 2 -- Attendance: 4543 (90.86%) -- Ticket Income $354,354
Level 3 -- Attendance: 2000 (100.00%) -- Ticket Income $144,000
Level 4 -- Attendance: 1795 (100.00%) -- Ticket Income $91,545
Luxury Box -- Attendance: 1000 (100.00%) -- Ticket Income $176,000
Game was played at the Barclays Center.
Total Attendance: 15338 (97.11%)
Total Ticket Income: $1,443,899
Other Income: $216,585
Total Income: $1,660,484

% Time on Ice - Sabres

Lines # - Real PCT - Wanted PCT - Time Play
Normal Forward
1 - 29% - 40% - 12:13
2 - 31% - 30% - 13:22
3 - 19% - 20% - 7:54
4 - 21% - 10% - 9:03
Normal Defense
1 - 37% - 35% - 15:48
2 - 36% - 35% - 15:08
3 - 27% - 25% - 11:36
4 - 0% - 5% - 0:00
PP Forward
1 - 56% - 65% - 5:20
2 - 44% - 35% - 4:12
PP Defense
1 - 49% - 55% - 4:40
2 - 51% - 45% - 4:52
PK Forward
1 - 72% - 65% - 5:00
2 - 28% - 35% - 1:58
PK Defense
1 - 47% - 55% - 3:15
2 - 53% - 45% - 3:43
PK3 Forward
1 - 0% - 60%
2 - 0% - 40%
PK3 Defense
1 - 0% - 60%
2 - 0% - 40%
44 Forward
1 - 66% - 60% - 0:38
2 - 34% - 40% - 0:20
44 Defense
1 - 66% - 60% - 0:38
2 - 34% - 40% - 0:20
Last Minute Offensive  - 0:00
Last Minute Defensive  - 0:00
Total
Forward - 60:00
Defense - 60:00

% Time on Ice - Islanders

Lines # - Real PCT - Wanted PCT - Time Play
Normal Forward
1 - 36% - 36% - 15:19
2 - 34% - 33% - 14:40
3 - 22% - 20% - 9:17
4 - 8% - 11% - 3:16
Normal Defense
1 - 34% - 35% - 14:20
2 - 39% - 35% - 16:33
3 - 22% - 21% - 9:23
4 - 5% - 9% - 2:16
PP Forward
1 - 56% - 60% - 3:56
2 - 44% - 40% - 3:02
PP Defense
1 - 47% - 60% - 3:18
2 - 53% - 40% - 3:40
PK Forward
1 - 53% - 55% - 4:21
2 - 47% - 45% - 3:47
PK Defense
1 - 57% - 55% - 4:40
2 - 43% - 45% - 3:28
PK3 Forward
1 - 69% - 60% - 0:58
2 - 31% - 40% - 0:26
PK3 Defense
1 - 52% - 60% - 0:44
2 - 48% - 40% - 0:40
44 Forward
1 - 83% - 60% - 0:48
2 - 17% - 40% - 0:10
44 Defense
1 - 83% - 60% - 0:48
2 - 17% - 40% - 0:10
Last Minute Offensive  - 0:00
Last Minute Defensive  - 0:00
Total
Forward - 60:00
Defense - 60:00

Play by Play

1st period


0:01 of 1st period - Ryan Johansen wins face-off versus Tyler Bozak in neutral zone.
0:01 of 1st period - Ryan Johansen is hit by Tyler Bozak.
0:19 of 1st period - Nino Niederreiter is hit by Patrick Sharp and loses puck.
0:20 of 1st period - Minor Penalty to Tyler Bozak for Slashing.
0:21 of 1st period - Patrick Sharp wins face-off versus Ryan Johansen in Islanders zone.
0:59 of 1st period - Shot by Ryan Johansen.
0:59 of 1st period - Deflect By Thomas Vanek.
0:59 of 1st period - Stopped by Braden Holtby with a rebound.
1:01 of 1st period - Shot by Tyler Myers.
1:01 of 1st period - Shot Misses the Net.
1:10 of 1st period - Icing by Tyler Myers.
1:11 of 1st period - Ryan Johansen wins face-off versus Patrick Sharp in Sabres zone.
1:21 of 1st period - Minor Penalty to Ryan Johansen for Interference.
1:22 of 1st period - Nino Niederreiter wins face-off versus Nate Thompson in Sabres zone.
1:49 of 1st period - Shot by Patrick Sharp.
1:49 of 1st period - Shot Misses the Net.
2:09 of 1st period - Shot by Kyle Turris.
2:09 of 1st period - Stopped by Braden Holtby without a rebound.
2:10 of 1st period - Kyle Turris wins face-off versus Colin Wilson in Islanders zone.
2:38 of 1st period - Icing by Brandon Davidson.
2:39 of 1st period - Matt Cullen wins face-off versus Patrick Sharp in Islanders zone.
3:18 of 1st period - Shot by Pierre-Alexandr Parenteau.
3:18 of 1st period - Shot Misses the Net.
3:25 of 1st period - Off-side.
3:26 of 1st period - Nate Thompson wins face-off versus Kyle Turris in neutral zone.
3:51 of 1st period - Minor Penalty to Nate Thompson for Roughing.
3:52 of 1st period - Patrick Sharp wins face-off versus Kyle Turris in Islanders zone.
5:11 of 1st period - Shot by Colin Wilson.
5:11 of 1st period - Stopped by Ondrej Pavelec with a rebound.
5:25 of 1st period - Niklas Hjalmarsson is hit by Ryan Johansen and loses puck.
6:22 of 1st period - Shot by Josh Jooris.
6:22 of 1st period - Deflect By Nate Thompson.
6:22 of 1st period - Shot Blocked by Braydon Coburn.
6:24 of 1st period - Shot by Alexander Semin.
6:24 of 1st period - Shot Misses the Net.
6:38 of 1st period - Shot by Colin Wilson.
6:38 of 1st period - Shot Misses the Net.
6:48 of 1st period - Shot by Colin Wilson.
6:48 of 1st period - Goal by Colin Wilson - Sabres : 0 - Islanders : 1.
6:49 of 1st period - Tyler Bozak wins face-off versus Ryan Johansen in neutral zone.
7:07 of 1st period - Off-side.
7:08 of 1st period - Lars Eller wins face-off versus Josh Jooris in neutral zone.
7:16 of 1st period - Shot by Josh Jooris.
7:16 of 1st period - Stopped by Ondrej Pavelec without a rebound.
7:17 of 1st period - Erik Condra wins face-off versus Thomas Vanek in Sabres zone.
8:59 of 1st period - Icing by Luca Sbisa.
9:00 of 1st period - Lars Eller wins face-off versus Colin Wilson in Islanders zone.
9:03 of 1st period - Shot by Daniel Winnik.
9:03 of 1st period - Stopped by Braden Holtby without a rebound.
9:04 of 1st period - Tyler Bozak wins face-off versus Lars Eller in Islanders zone.
9:30 of 1st period - Shot by Tyler Bozak.
9:30 of 1st period - Shot Misses the Net.
9:54 of 1st period - Minor Penalty to Tyler Myers for Holding.
9:55 of 1st period - Matt Cullen wins face-off versus Nate Thompson in Sabres zone.
11:04 of 1st period - Shot by Tyler Bozak.
11:04 of 1st period - Stopped by Ondrej Pavelec with a rebound.
11:06 of 1st period - Shot by Brandon Davidson.
11:06 of 1st period - Stopped by Ondrej Pavelec without a rebound.
11:07 of 1st period - Matt Cullen wins face-off versus Patrick Sharp in Sabres zone.
12:16 of 1st period - Shot by Nate Thompson.
12:16 of 1st period - Stopped by Ondrej Pavelec without a rebound.
12:17 of 1st period - Jacob Josefson wins face-off versus Shawn Horcoff in Sabres zone.
12:49 of 1st period - Shot by Kris Versteeg.
12:49 of 1st period - Deflect By Jacob Josefson.
12:49 of 1st period - Stopped by Braden Holtby without a rebound.
12:50 of 1st period - Kyle Turris wins face-off versus Tyler Bozak in Islanders zone.
13:03 of 1st period - Shot by Brock Nelson.
13:03 of 1st period - Stopped by Braden Holtby without a rebound.
13:04 of 1st period - Josh Jooris wins face-off versus Ryan Johansen in Islanders zone.
13:12 of 1st period - Minor Penalty to Nate Thompson for Interference.
13:13 of 1st period - Patrick Sharp wins face-off versus Ryan Johansen in Islanders zone.
13:40 of 1st period - Shot by Brock Nelson.
13:40 of 1st period - Stopped by Braden Holtby without a rebound.
13:41 of 1st period - Kyle Turris wins face-off versus David Legwand in Islanders zone.
13:42 of 1st period - Shot by Nino Niederreiter.
13:42 of 1st period - Shot Misses the Net.
13:44 of 1st period - Shot by Rasmus Ristolainen.
13:44 of 1st period - Stopped by Braden Holtby without a rebound.
13:45 of 1st period - Kyle Turris wins face-off versus Patrick Sharp in Islanders zone.
13:47 of 1st period - Minor Penalty to Luca Sbisa for Hooking.
13:48 of 1st period - Pierre-Alexandr Parenteau wins face-off versus Ryan Johansen in Islanders zone.
14:56 of 1st period - Icing by Tyler Myers.
14:57 of 1st period - Kyle Turris wins face-off versus David Legwand in Sabres zone.
15:24 of 1st period - Shot by Rasmus Ristolainen.
15:24 of 1st period - Shot Misses the Net.
15:55 of 1st period - Shot by Alexander Semin.
15:55 of 1st period - Stopped by Ondrej Pavelec with a rebound.
16:03 of 1st period - Shot by Andy Greene.
16:03 of 1st period - Shot Misses the Net.
16:16 of 1st period - Icing by Braydon Coburn.
16:17 of 1st period - Tyler Bozak wins face-off versus Jacob Josefson in Sabres zone.
16:54 of 1st period - Shot by Erik Condra.
16:54 of 1st period - Deflect By Patrick Sharp.
16:54 of 1st period - Stopped by Ondrej Pavelec with a rebound.
16:58 of 1st period - Shot by Tyler Bozak.
16:58 of 1st period - Deflect By Patrick Sharp.
16:58 of 1st period - Stopped by Ondrej Pavelec without a rebound.
16:59 of 1st period - Kyle Turris wins face-off versus Shawn Horcoff in Sabres zone.
17:33 of 1st period - Icing by Francois Beauchemin.
17:34 of 1st period - Josh Jooris wins face-off versus Brock Nelson in Sabres zone.
18:00 of 1st period - Luca Sbisa is hit by Brock Nelson and loses puck.
18:46 of 1st period - Shot by Matt Cullen.
18:46 of 1st period - Stopped by Braden Holtby without a rebound.
18:47 of 1st period - Tyler Bozak wins face-off versus Lars Eller in Islanders zone.
19:17 of 1st period - Shot by Gustav Nyquist.
19:17 of 1st period - Stopped by Braden Holtby without a rebound.
19:18 of 1st period - Jacob Josefson wins face-off versus Shawn Horcoff in Islanders zone.
19:35 of 1st period - Shot by Colin Wilson.
19:35 of 1st period - Shot Misses the Net.
19:47 of 1st period - Francois Beauchemin is hit by Colin Wilson and loses puck.
Goals for this period are 0 for Sabres vs 1 for Islanders.
Shots for this period are 9 for Sabres vs 9 for Islanders.

2nd period


0:01 of 2nd period - Ryan Johansen wins face-off versus Erik Condra in neutral zone.
0:09 of 2nd period - Shot by Erik Condra.
0:09 of 2nd period - Shot Misses the Net.
0:39 of 2nd period - Shot by Patrick Sharp.
0:39 of 2nd period - Stopped by Ondrej Pavelec without a rebound.
0:40 of 2nd period - Shawn Horcoff wins face-off versus Brock Nelson in Sabres zone.
0:43 of 2nd period - Shot by Pierre-Alexandr Parenteau.
0:43 of 2nd period - Stopped by Ondrej Pavelec with a rebound.
0:45 of 2nd period - Shot by Luca Sbisa.
0:45 of 2nd period - Shot Misses the Net.
0:55 of 2nd period - Shot by Colin Wilson.
0:55 of 2nd period - Stopped by Ondrej Pavelec without a rebound.
0:56 of 2nd period - Josh Jooris wins face-off versus Lars Eller in Sabres zone.
1:06 of 2nd period - Off-side.
1:07 of 2nd period - Ryan Johansen wins face-off versus Shawn Horcoff in neutral zone.
1:10 of 2nd period - Niklas Hjalmarsson is hit by Nino Niederreiter and loses puck.
1:38 of 2nd period - Shot by Pierre-Alexandr Parenteau.
1:38 of 2nd period - Stopped by Ondrej Pavelec with a rebound.
1:45 of 2nd period - Minor Penalty to Shawn Horcoff for Hooking.
1:46 of 2nd period - Ryan Johansen wins face-off versus Patrick Sharp in Islanders zone.
2:19 of 2nd period - Francois Beauchemin is hit by Nate Thompson and loses puck.
3:36 of 2nd period - Nate Thompson is hit by Nino Niederreiter and loses puck.
4:05 of 2nd period - Patrick Sharp is hit by Braydon Coburn.
4:12 of 2nd period - Icing by Braydon Coburn.
4:13 of 2nd period - Josh Jooris wins face-off versus Jacob Josefson in Sabres zone.
4:13 of 2nd period - Alexander Semin is hit by Braydon Coburn and loses puck.
4:22 of 2nd period - Shot by Jacob Josefson.
4:22 of 2nd period - Deflect By Chris Wagner.
4:22 of 2nd period - Shot Blocked by Luca Sbisa.
4:34 of 2nd period - Shot by Jacob Josefson.
4:34 of 2nd period - Shot Misses the Net.
5:43 of 2nd period - Shot by Pierre-Alexandr Parenteau.
5:43 of 2nd period - Stopped by Ondrej Pavelec with a rebound.
5:45 of 2nd period - Shot by Brandon Davidson.
5:45 of 2nd period - Stopped by Ondrej Pavelec with a rebound.
5:47 of 2nd period - Shot by Shawn Horcoff.
5:47 of 2nd period - Shot Misses the Net.
5:49 of 2nd period - Shot by Pierre-Alexandr Parenteau.
5:49 of 2nd period - Goal by Pierre-Alexandr Parenteau - Sabres : 0 - Islanders : 2.
5:50 of 2nd period - Ryan Johansen wins face-off versus Shawn Horcoff in neutral zone.
6:15 of 2nd period - Off-side.
6:16 of 2nd period - Josh Jooris wins face-off versus Lars Eller in neutral zone.
6:37 of 2nd period - Shot by Nate Thompson.
6:37 of 2nd period - Stopped by Ondrej Pavelec without a rebound.
6:38 of 2nd period - Tyler Bozak wins face-off versus Ryan Johansen in Sabres zone.
7:46 of 2nd period - Icing by Tyler Myers.
7:47 of 2nd period - Josh Jooris wins face-off versus Ryan Johansen in Sabres zone.
7:52 of 2nd period - Shot by Nate Thompson.
7:52 of 2nd period - Stopped by Ondrej Pavelec with a rebound.
7:54 of 2nd period - Shot by Nate Thompson.
7:54 of 2nd period - Shot Misses the Net.
8:21 of 2nd period - Shot by Alexander Semin.
8:21 of 2nd period - Stopped by Ondrej Pavelec without a rebound.
8:22 of 2nd period - Lars Eller wins face-off versus Shawn Horcoff in Sabres zone.
8:24 of 2nd period - Icing by Oliver Ekman-Larsson.
8:25 of 2nd period - Shawn Horcoff wins face-off versus Lars Eller in Sabres zone.
9:56 of 2nd period - Shot by Patrick Sharp.
9:56 of 2nd period - Shot Misses the Net.
10:07 of 2nd period - Thomas Vanek is hit by Nate Thompson.
10:11 of 2nd period - Johnny Oduya is hit by Nate Thompson and loses puck.
11:17 of 2nd period - Shot by Colin Wilson.
11:17 of 2nd period - Deflect By Pierre-Alexandr Parenteau.
11:17 of 2nd period - Shot Misses the Net.
11:20 of 2nd period - Icing by Oliver Ekman-Larsson.
11:21 of 2nd period - Ryan Johansen wins face-off versus Tyler Bozak in Sabres zone.
11:39 of 2nd period - Nino Niederreiter is hit by Luca Sbisa and loses puck.
12:12 of 2nd period - Icing by Luca Sbisa.
12:13 of 2nd period - Brock Nelson wins face-off versus Tyler Bozak in Islanders zone.
12:37 of 2nd period - Shot by Pierre-Alexandr Parenteau.
12:37 of 2nd period - Stopped by Ondrej Pavelec with a rebound.
14:26 of 2nd period - Off-side.
14:27 of 2nd period - Tyler Bozak wins face-off versus Jacob Josefson in neutral zone.
14:30 of 2nd period - Kris Versteeg is hit by Patrick Sharp and loses puck.
14:39 of 2nd period - Shot by Kris Versteeg.
14:39 of 2nd period - Stopped by Braden Holtby without a rebound.
14:40 of 2nd period - Shawn Horcoff wins face-off versus Ryan Johansen in Islanders zone.
14:42 of 2nd period - Icing by Josh Manson.
14:43 of 2nd period - Shawn Horcoff wins face-off versus Ryan Johansen in Islanders zone.
14:54 of 2nd period - Shot by Pierre-Alexandr Parenteau.
14:54 of 2nd period - Stopped by Ondrej Pavelec without a rebound.
14:55 of 2nd period - Tyler Bozak wins face-off versus Kyle Turris in Sabres zone.
15:06 of 2nd period - Andy Greene is hit by Kyle Turris and loses puck.
15:35 of 2nd period - Shot by Tyler Myers.
15:35 of 2nd period - Shot Misses the Net.
15:37 of 2nd period - Shot by Brock Nelson.
15:37 of 2nd period - Stopped by Braden Holtby without a rebound.
15:38 of 2nd period - Ryan Johansen wins face-off versus Shawn Horcoff in Islanders zone.
17:37 of 2nd period - Shot by Patrick Sharp.
17:37 of 2nd period - Shot Misses the Net.
17:45 of 2nd period - Shot by Tyler Bozak.
17:45 of 2nd period - Stopped by Ondrej Pavelec without a rebound.
17:46 of 2nd period - Tyler Bozak wins face-off versus Kyle Turris in Sabres zone.
17:46 of 2nd period - Patrick Sharp is hit by Rasmus Ristolainen and loses puck.
17:57 of 2nd period - Shot by Kyle Turris.
17:57 of 2nd period - Shot Misses the Net.
18:01 of 2nd period - Shot by Thomas Vanek.
18:01 of 2nd period - Shot Misses the Net.
18:03 of 2nd period - Shot by Brock Nelson.
18:03 of 2nd period - Shot Misses the Net.
18:28 of 2nd period - Shot by Brock Nelson.
18:28 of 2nd period - Shot Misses the Net.
18:44 of 2nd period - Shot by Ryan Johansen.
18:44 of 2nd period - Deflect By Matt Cullen.
18:44 of 2nd period - Shot Misses the Net.
18:54 of 2nd period - Shot by Ryan Johansen.
18:54 of 2nd period - Stopped by Braden Holtby with a rebound.
19:12 of 2nd period - Shot by Matt Cullen.
19:12 of 2nd period - Shot Misses the Net.
19:54 of 2nd period - Shot by Colin Wilson.
19:54 of 2nd period - Shot Misses the Net.
19:58 of 2nd period - Shot by Shawn Horcoff.
19:58 of 2nd period - Shot Misses the Net.
Goals for this period are 0 for Sabres vs 1 for Islanders.
Shots for this period are 3 for Sabres vs 13 for Islanders.

3rd period


0:01 of 3rd period - Ryan Johansen wins face-off versus Colin Wilson in neutral zone.
0:07 of 3rd period - Francois Beauchemin is hit by Josh Manson and loses puck.
0:55 of 3rd period - Shot by Patrick Sharp.
0:55 of 3rd period - Deflect By Tyler Bozak.
0:55 of 3rd period - Shot Misses the Net.
0:57 of 3rd period - Shot by Luca Sbisa.
0:57 of 3rd period - Stopped by Ondrej Pavelec without a rebound.
0:58 of 3rd period - Kyle Turris wins face-off versus Josh Jooris in Sabres zone.
0:58 of 3rd period - Kyle Turris is hit by Nate Thompson.
1:05 of 3rd period - Icing by Rasmus Ristolainen.
1:06 of 3rd period - Kyle Turris wins face-off versus Tyler Bozak in Sabres zone.
1:42 of 3rd period - Shot by Kyle Turris.
1:42 of 3rd period - Stopped by Braden Holtby with a rebound.
1:48 of 3rd period - Andy Greene is hit by Kyle Turris and loses puck.
2:39 of 3rd period - Josh Manson is hit by Braydon Coburn and loses puck.
3:01 of 3rd period - Minor Penalty to Shawn Horcoff for Hooking.
3:02 of 3rd period - Patrick Sharp wins face-off versus Brock Nelson in Islanders zone.
3:02 of 3rd period - Patrick Sharp is hit by Thomas Vanek.
3:35 of 3rd period - Shot by Oliver Ekman-Larsson.
3:35 of 3rd period - Stopped by Braden Holtby without a rebound.
3:36 of 3rd period - Kyle Turris wins face-off versus Patrick Sharp in Islanders zone.
4:17 of 3rd period - Pierre-Alexandr Parenteau is hit by Kyle Turris and loses puck.
5:06 of 3rd period - Alexander Semin is hit by Braydon Coburn and loses puck.
5:11 of 3rd period - Shot by Josh Jooris.
5:11 of 3rd period - Shot Blocked by Johnny Oduya.
5:13 of 3rd period - Shot by Josh Manson.
5:13 of 3rd period - Stopped by Ondrej Pavelec without a rebound.
5:14 of 3rd period - Tyler Bozak wins face-off versus Jacob Josefson in Sabres zone.
5:37 of 3rd period - Minor Penalty to Braydon Coburn for Tripping.
5:38 of 3rd period - Matt Cullen wins face-off versus Alexander Semin in Sabres zone.
6:03 of 3rd period - Shot by Brandon Davidson.
6:03 of 3rd period - Shot Misses the Net.
6:05 of 3rd period - Shot by Josh Manson.
6:05 of 3rd period - Shot Misses the Net.
6:09 of 3rd period - Shot by Brandon Davidson.
6:09 of 3rd period - Stopped by Ondrej Pavelec with a rebound.
6:38 of 3rd period - Shot by Pierre-Alexandr Parenteau.
6:38 of 3rd period - Shot Blocked by Tyler Myers.
6:40 of 3rd period - Shot by Luca Sbisa.
6:40 of 3rd period - Shot Misses the Net.
6:42 of 3rd period - Shot by Luca Sbisa.
6:42 of 3rd period - Shot Misses the Net.
6:44 of 3rd period - Shot by Nate Thompson.
6:44 of 3rd period - Stopped by Ondrej Pavelec without a rebound.
6:45 of 3rd period - Alexander Semin wins face-off versus Lars Eller in Sabres zone.
8:16 of 3rd period - Shot by Kyle Turris.
8:16 of 3rd period - Shot Misses the Net.
9:02 of 3rd period - Chris Wagner is hit by Luca Sbisa and loses puck.
9:20 of 3rd period - Icing by Rasmus Ristolainen.
9:21 of 3rd period - Tyler Bozak wins face-off versus Chris Wagner in Sabres zone.
9:21 of 3rd period - Tyler Bozak is hit by Rasmus Ristolainen.
9:32 of 3rd period - Off-side.
9:33 of 3rd period - Pierre-Alexandr Parenteau wins face-off versus Ryan Johansen in neutral zone.
9:35 of 3rd period - Minor Penalty to Ryan Johansen for Holding Stick.
9:36 of 3rd period - Matt Cullen wins face-off versus Tyler Bozak in Sabres zone.
10:32 of 3rd period - Shot by Nate Thompson.
10:32 of 3rd period - Stopped by Ondrej Pavelec without a rebound.
10:33 of 3rd period - Nate Thompson wins face-off versus Jacob Josefson in Sabres zone.
10:46 of 3rd period - Shot by Andy Greene.
10:46 of 3rd period - Stopped by Ondrej Pavelec without a rebound.
10:47 of 3rd period - Nate Thompson wins face-off versus Matt Cullen in Sabres zone.
11:48 of 3rd period - Tyler Bozak is hit by Oliver Ekman-Larsson and loses puck.
12:07 of 3rd period - Shot by Erik Condra.
12:07 of 3rd period - Stopped by Ondrej Pavelec with a rebound.
12:29 of 3rd period - Shot by Pierre-Alexandr Parenteau.
12:29 of 3rd period - Shot Misses the Net.
12:31 of 3rd period - Shot by Colin Wilson.
12:31 of 3rd period - Shot Blocked by Francois Beauchemin.
13:45 of 3rd period - Shot by Erik Condra.
13:45 of 3rd period - Stopped by Ondrej Pavelec without a rebound.
13:46 of 3rd period - Ryan Johansen wins face-off versus Shawn Horcoff in Sabres zone.
14:02 of 3rd period - Icing by Tyler Myers.
14:03 of 3rd period - Tyler Bozak wins face-off versus Ryan Johansen in Sabres zone.
14:33 of 3rd period - Shot by Erik Condra.
14:33 of 3rd period - Shot Misses the Net.
15:04 of 3rd period - Shot by Shawn Horcoff.
15:04 of 3rd period - Shot Misses the Net.
15:06 of 3rd period - Shot by Shawn Horcoff.
15:06 of 3rd period - Shot Misses the Net.
15:08 of 3rd period - Shot by Andy Greene.
15:08 of 3rd period - Shot Misses the Net.
15:16 of 3rd period - Shot by Colin Wilson.
15:16 of 3rd period - Shot Blocked by Tyler Myers.
15:48 of 3rd period - Shot by Lars Eller.
15:48 of 3rd period - Stopped by Braden Holtby without a rebound.
15:49 of 3rd period - Nate Thompson wins face-off versus Jacob Josefson in Islanders zone.
15:59 of 3rd period - Kris Versteeg is hit by Josh Manson and loses puck.
17:43 of 3rd period - Shot by Daniel Winnik.
17:43 of 3rd period - Shot Misses the Net.
18:25 of 3rd period - Shot by Nate Thompson.
18:25 of 3rd period - Shot Misses the Net.
18:31 of 3rd period - Shot by Alexander Semin.
18:31 of 3rd period - Shot Misses the Net.
19:24 of 3rd period - Off-side.
19:25 of 3rd period - Lars Eller wins face-off versus Shawn Horcoff in neutral zone.
Goals for this period are 0 for Sabres vs 0 for Islanders.
Shots for this period are 3 for Sabres vs 8 for Islanders.